 Dungeon Crawl Stone Soup version 0.17-a0-1572-g7a1422d (webtiles) character file.

199 abixa the Chopper (level 5, 47/47 HPs)
             Began as a Hill Orc Berserker on July 25, 2015.
             Was a Believer of Trog.
             Quit the game on level 3 of the Dungeon.
             The game lasted 00:07:31 (3246 turns).

abixa the Chopper (Hill Orc Berserker)              Turns: 3246, Time: 00:07:32

Health: 47/47      AC:  9    Str: 20    XL:     5   Next: 77%
Magic:  5/5        EV:  8    Int:  7    God:    Trog [**....]
Gold:   130        SH:  0    Dex: 11    Spells: 0 memorised, 4 levels left

rFire  + . .     SeeInvis .     a - +0 hand axe
rCold  . . .     Clarity  .     x - +0 chain mail
rNeg   . . .     SustAt   .     (no shield)
rPois  .         Gourm    .     (no helmet)
rElec  .         Spirit   .     (no cloak)
rCorr  .         Warding  .     (no gloves)
rMut   .         Stasis   .     f - +0 pair of boots
MR     .....                    (no amulet)
Stlth  ..........               (no ring)
                                g - ring of protection from fire

@: not resistant to hostile enchantments, extremely unstealthy
A: no striking features
a: Burn Spellbooks, Berserk, Trog's Hand, Renounce Religion


You were on level 3 of the Dungeon.
You worshipped Trog.
Trog was pleased with you.
You were not hungry.

You visited 1 branch of the dungeon, and saw 3 of its levels.

You collected 130 gold pieces.

Inventory:

Hand weapons
 a - a +0 hand axe (weapon)
Missiles
 e - 42 sling bullets
 i - 81 stones (quivered)
 q - 8 poisoned needles
Armour
 b - a +0 animal skin
 f - a +0 pair of boots (worn)
 l - a +0 scale mail
 x - a +0 chain mail (worn)
Jewellery
 g - a ring of protection from fire (left hand)
Scrolls
 h - a scroll of enchant weapon {unknown}
 B - a scroll of identify {unknown}
Potions
 d - a potion of resistance {unknown}
 n - a potion of agility {unknown}
 o - a potion of might {unknown}
 t - a potion of flight {unknown}
 u - a potion of poison {unknown}
 w - a potion of curing
 z - a potion of heal wounds {unknown}
Comestibles
 c - 4 bread rations
 j - 2 beef jerkies
 k - 3 meat rations


   Skills:
 + Level 4.8 Fighting
 * Level 7.5 Axes
 - Level 2.1 Armour
 - Level 1.5 Dodging


You had 4 spell levels left.
You didn't know any spells.

Dungeon Overview and Level Annotations

Branches:
Dungeon (3/15)

Altars:


Message History

a short sword; a leather armour; an orc corpse You butcher the orc corpse.
m - 8 chunks of flesh (gained 4)
Things that are here:
a short sword; a leather armour; an orc skeleton
Things that are here:
a hand axe; an orc corpse You butcher the orc corpse.
m - 10 chunks of flesh (gained 2)
You see here a hand axe.
You start resting.
Eating one of 10 chunks of flesh.
This raw flesh tastes terrible.
You are feeling hungry.
You continue eating. x2
Eating one of 9 chunks of flesh.
This raw flesh tastes terrible.
You continue eating. x2
All of the chunks of flesh in your inventory have rotted away.
You start resting.
HP restored.
Are you sure you want to abandon this character and quit the game? (Confirm with "yes".)

*,,,,,,,,,* *
###***,,,,,,,*,* *
#..,,,,,,,,,,*>*****
#.#**********,,,,,,,
#.# **,***** #.# ***
#.# ###.###########
#.))@.........########
#.#...................
#..#.########.########
#.###...# #.#.......
#.)#.##.# #.#.######
#.#.#*#.# #.#.# #.#.#
#.# #.#.#
#.#.###.#####.#.#
#.............#.#


There were no monsters in sight!

Vanquished Creatures
  An orc wizard (D:3)
  2 orc priests (D:3)
  4 adders
  A gnoll (D:3)
  A worm (D:2)
  2 orcs (D:3)
  2 giant cockroaches (D:2)
  8 hobgoblins
  11 kobolds
  2 quokkas
  15 bats
  2 giant newts
  9 goblins
  6 rats
66 creatures vanquished.

Notes
Turn   | Place    | Note
--------------------------------------------------------------
     0 | D:1      | abixa the Hill Orc Berserker began the quest for the Orb.
     0 | D:1      | Reached XP level 1. HP: 19/19 MP: 1/1
   504 | D:1      | Reached XP level 2. HP: 26/26 MP: 2/2
   646 | D:1      | Reached skill level 5 in Axes
  1043 | D:2      | Reached XP level 3. HP: 31/31 MP: 3/3
  1076 | D:2      | Acquired Trog's second power
  1652 | D:2      | Reached skill level 6 in Axes
  1746 | D:2      | Reached XP level 4. HP: 33/40 MP: 4/4
  2935 | D:3      | Reached skill level 7 in Axes
  2935 | D:3      | Reached XP level 5. HP: 47/47 MP: 5/5
  2961 | D:3      | HP: 2/47 [poisoned by an orc wizard]
  3246 | D:3      | Quit the game

Vault maps used:
D:1:      minmay_arrival_nine_rooms
D:2:      first_bread, kennysheep_decorative_pillar

Action                   |  1- 3 |  4- 6 || total
-------------------------+-------+-------++-------
Melee: Hand axe          |   175 |   183 ||   358
Throw: Stone             |       |     3 ||     3
Invok: Berserk           |       |     1 ||     1
       Trog's Hand       |       |     2 ||     2
  Use: Scroll            |       |     7 ||     7
       Potion            |       |     1 ||     1
  Eat: Chunk             |     3 |     6 ||     9
